 Dungeon Crawl Stone Soup version 0.25-a0-890-g62861fb195 (webtiles) character file.

Game seed: 17097617940720947093, levelgen mode: deterministic

134 Hasart the Insei (level 5, -7/34 HPs)
             Began as an Octopode Transmuter on May 2, 2020.
             Killed by divine providence
             ... invoked by an orc priest
              (15 damage)
             ... on level 3 of the Dungeon.
             The game lasted 00:04:32 (2199 turns).

Hasart the Insei (Octopode Transmuter)              Turns: 2199, Time: 00:04:33

Health: -7/34      AC:  1    Str: 10    XL:     5   Next: 17%
Magic:  1/8        EV: 14    Int: 15    God:
Gold:   109        SH:  0    Dex: 13    Spells: 5/8 levels left

rFire    . . .     SeeInvis .     - Unarmed
rCold    . . .     Gourm    .   (no shield)
rNeg     . . .     Faith    .   (helmet restricted)
rPois    .         Spirit   .   (no amulet)
rElec    .         Reflect  .   l - ring of teleportation (curse)
rCorr    .         Harm     .   (no ring)
MR       .....     Rnd*Tele +   (no ring)
Stlth    ++........             (no ring)
HPRegen  0.11/turn              (no ring)
MPRegen  0.11/turn              (no ring)
                                (no ring)
                                (no ring)

@: very slightly contaminated
A: almost no armour, stealthy swim, amphibious, 8 rings, constrict 8, camouflage
1, gelatinous body 1
a: no special abilities


You were on level 3 of the Dungeon.
You were not hungry.

You visited 1 branch of the dungeon, and saw 3 of its levels.

You collected 109 gold pieces.

Inventory:

Missiles
 a - 59 arrows
 i - 11 poisoned darts (quivered)
Jewellery
 l - a cursed ring of teleportation (left tentacle)
Scrolls
 e - 2 scrolls of teleportation
 g - 3 scrolls of identify
Potions
 b - a potion of degeneration
 f - a potion of curing {unknown}
 j - a potion of berserk rage {unknown}
Comestibles
 c - 4 rations
 d - 2 chunks of flesh


   Skills:
 + Level 2.2 Fighting
 + Level 2.9 Dodging
 * Level 4.2 Unarmed Combat
 - Level 2.0 Spellcasting
 + Level 2.9 Transmutations


You had 5 spell levels left.
You knew the following spells:

 Your Spells              Type           Power        Failure   Level  Hunger
a - Beastly Appendage     Tmut           ##....       7%          1    #......
b - Sticks to Snakes      Tmut           ##......     10%         2    ###....

Your spell library contained the following spells:

 Spells                   Type           Power        Failure   Level  Hunger
 Spider Form              Tmut/Pois      #.........   36%         3    ###....
 Ice Form                 Ice/Tmut       #.......     77%         4    #####..
 Blade Hands              Tmut           ##........   88%         5    ######.


Dungeon Overview and Level Annotations

Branches:
Dungeon (3/15)

Altars:
Cheibriados


Innate Abilities, Weirdness & Mutations

You cannot wear most types of armour.
You are very stealthy in the water. (Stealth+)
You are amphibious.
You can wear up to eight rings at the same time.
You can use your tentacles to constrict eight enemies at once.
Your skin changes colour to match your surroundings (Stealth+).
Your rubbery body absorbs attacks. (AC +1, EV +1)


Message History

The giant cockroach barely misses you.
The orc priest barely misses your ball python.
The giant cockroach barely misses you.
Unknown command.
You tentacle-slap the giant cockroach.
You kill the giant cockroach!
The orc priest calls down the wrath of Beogh upon you.
Beogh smites you!
* * * LOW HITPOINT WARNING * * *
The orc priest miscasts a cantrip.
The orc priest hits you but does no damage.
The orc priest barely misses your ball python.
Unknown command.
You bludgeon the orc priest! You grab the orc priest.
The orc priest is heavily wounded.
You constrict the orc priest.
Your ball python bites the orc priest but does no damage.
The orc priest calls down the wrath of Beogh upon you.
Beogh smites you!
You die...

,,,,,>,,,,,'...<.....+,,,,,,,*
****,,,,****.........****,,,**
,,,,,,,,,* **......o** **,**
,***,**,,* **.....** *,,*
,***,**,,* **.o.** **,*
,**,,**,,* *#o#* *,*
,**,***,,* #o# *,*
,**,***,,#######o# *,*
,,,,,,,,,#.....S@## *,*
***,*****#.####...## *,* *,*
*,* #.....# *,* *,* *,*
##...## *,* *,******,*
##.########**,* *,,,,,,,,*
#.........,,,* **********
#.########**** #.# #.#


You could see an orc priest, 3 orcs and a friendly ball python.

Vanquished Creatures
  3 gnolls
  4 adders
  2 dart slugs
  3 worms (D:2)
  An orc (D:3)
  3 giant cockroaches
  8 goblins
  8 hobgoblins
  7 jackals
  A quokka (D:2)
  5 bats
  6 frilled lizards
  3 kobolds
  4 rats
58 creatures vanquished.

Notes
Turn   | Place    | Note
-------+----------+-------------------------------------------
     0 | D:1      | Hasart the Octopode Transmuter began the quest for the Orb.
     0 | D:1      | Reached XP level 1. HP: 13/13 MP: 3/3
    96 | D:1      | Reached XP level 2. HP: 13/18 MP: 5/5
   110 | D:1      | Learned a level 2 spell: Sticks to Snakes
   390 | D:1      | Reached XP level 3. HP: 23/23 MP: 6/6
   930 | D:2      | Found a snail-covered altar of Cheibriados.
   936 | D:2      | Reached XP level 4. HP: 9/29 MP: 7/7
  1325 | D:2      | Reached skill level 4 in Unarmed Combat
  1873 | D:3      | Reached XP level 5. HP: 31/34 MP: 8/8
  2199 | D:3      | Killed from afar by an orc priest

Levels and vault maps discovered:
D:1:      dpeg_arrival_rooms_b, layout_basic, minmay_tromino_i4
D:2:      layout_rooms, cheibriados_altar_1
D:3:      layout_loops_corners, first_ration, led_xom_imps

Skill      XL: |  1  2  3  4 |
---------------+-------------+-----
Unarmed Combat | 4 |  4.2
Fighting       | 2 |  2.2
Dodging        | |  2.9
Spellcasting   | |  2.0
Transmutations | |  2.9

Action                   |  1- 3 |  4- 6 || total
-------------------------+-------+-------++-------
Melee: Unarmed           |    65 |    58 ||   123
       Constrict         |    22 |    17 ||    39
       Tentacles         |    12 |     7 ||    19
       Punch             |     3 |     1 ||     4
       Kick              |     3 |     2 ||     5
Throw: Dart              |       |    10 ||    10
 Cast: Beastly Appendage |     2 |     1 ||     3
       Sticks to Snakes  |       |     3 ||     3
  Use: Scroll            |       |     5 ||     5
 Stab: Sleeping          |     3 |     7 ||    10
  Eat: Chunk             |       |     4 ||     4
Armor: Skin              |     3 |     4 ||     7
Dodge: Dodged            |    30 |    30 ||    60

Table legend:
 A = Non-vault XP
 B = Vault XP
 C = Vault XP percentage of total XP
 D = Non-vault monster count
 E = Vault monster count
 F = Vault count percentage of total count
                 A         B        C        D         E       F
            +---------+---------+-------+---------+---------+-------
      Total |     186 |       6 |   3.1 |      54 |       4 |   6.9
            +---------+---------+-------+---------+---------+-------
        D:1 |      32 |       6 |  15.8 |      19 |       4 |  17.4
        D:2 |      94 |       0 |   0.0 |      20 |       0 |   0.0
        D:3 |      60 |       0 |   0.0 |      15 |       0 |   0.0
            +---------+---------+-------+---------+---------+-------
